 Dungeon Crawl Stone Soup version 0.30-a0-632-g346586fe48 (webtiles) character file.

Game seed: 3880323057513292475

45 ragingrage the Gusty (level 3, -3/19 HPs)
             Began as a Tengu Air Elementalist on Jan 13, 2023.
             Slain by a black bear (5 damage)
             ... on level 6 of the Dungeon.
             The game lasted 00:01:32 (1606 turns).

ragingrage the Gusty (Tengu Air Elementalist)       Turns: 1606, Time: 00:01:32

Health: -3/19      AC:  2    Str:  8    XL:     3   Next: 64%
Magic:  3/7        EV: 12    Int: 17    God:
Gold:   101        SH:  0    Dex: 14    Spells: 3/6 levels left

rFire   . . .      SeeInvis .    j - +0 dagger
rCold   . . .      Faith    .    (no shield)
rNeg    . . .      Spirit   .    a - +0 robe
rPois   .          Reflect  .    (helmet restricted)
rElec   .          Harm     .    (no cloak)
rCorr   .          Rampage  .    (no gloves)
Will    .....                    (boots unavailable)
Stlth   ++                       (no amulet)
HPRegen 0.23/turn                (no ring)
MPRegen 0.10/turn                (no ring)

@: no status effects
A: beak, talons 3
a: no special abilities


You were on level 6 of the Dungeon.
You visited 1 branch of the dungeon, and saw 5 of its levels.

You collected 101 gold pieces.

Inventory:

Hand Weapons
 j - a +0 dagger (weapon)
Missiles
 p - 4 poisoned darts
Armour
 a - a +0 robe (worn)
Jewellery
 l - an amulet of the acrobat
Scrolls
 c - a scroll of identify
 i - a scroll of summoning {unknown}
 k - a scroll of vulnerability {unknown}
 n - a scroll of silence {unknown}
 o - a scroll of brand weapon {unknown}
 r - a scroll of teleportation {unknown}
 s - a scroll of noise {unknown}
 t - a scroll of blinking {unknown}
Potions
 b - 2 potions of magic
 d - 3 potions of cancellation
 g - a potion of curing {unknown}
 h - a potion of attraction {unknown}
 m - a potion of might {unknown}
 q - a potion of brilliance {unknown}


   Skills:
 - Level 2.1 Dodging
 + Level 2.0 Stealth
 - Level 2.0 Spellcasting
 + Level 3.3 Conjurations
 + Level 5.1 Air Magic


You had 3 spell levels left.
You knew the following spells:

 Your Spells              Type           Power      Damage    Failure   Level
a - Shock                 Conj/Air       64%        1d7       3%          1
b - Static Discharge      Conj/Air       32%        2-4/arc   5%          2

Your spell library contained the following spells:

 Spells                   Type           Power      Damage    Failure   Level
 Swiftness                Air            19%        N/A       7%          3
 Freeze                   Ice            4%         1d3       19%         1
 Hailstorm                Conj/Ice       7%         3d4       28%         3
 Frozen Ramparts          Ice            2%         1d1       50%         3
 Airstrike                Air            9%         2d(2-18)  24%         4


Dungeon Overview and Level Annotations

Branches:
Dungeon (7/15)             Temple (0/1) D:7

Altars:

Shops:
D:1 =   D:3 =

Annotations:
D:2 Robin


Innate Abilities, Weirdness & Mutations

You have a beak for a mouth.
You have claws for feet.


Message History

A black bear is nearby!
Casting: Shock (safe; 3% risk of failure)
Confirm with . or Enter, or press ? or * to list all spells.
Aiming: Shock (safe; 3% risk of failure)
Press: ? - help, Shift-Dir - straight line The zap hits the black bear.
The black bear is lightly wounded.
The zap misses the black bear.
The black bear bites you. The black bear barely misses you.
The black bear claws you but does no damage.
Casting: Shock (safe; 3% risk of failure)
Confirm with . or Enter, or press ? or * to list all spells.
Aiming: Shock (safe; 3% risk of failure)
Press: ? - help, Shift-Dir - straight line The zap hits the black bear.
The black bear is moderately wounded.
The zap hits the black bear!
The black bear is heavily wounded.
The black bear barely misses you. The black bear closely misses you.
The black bear claws you.
Casting: Shock (safe; 3% risk of failure)
Confirm with . or Enter, or press ? or * to list all spells.
Aiming: Shock (safe; 3% risk of failure)
Press: ? - help, Shift-Dir - straight line The zap hits the black bear.
The black bear is severely wounded.
The zap misses the black bear.
The black bear goes berserk!
Casting: Shock (safe; 3% risk of failure)
Confirm with . or Enter, or press ? or * to list all spells.
Aiming: Shock (safe; 3% risk of failure)
Press: ? - help, Shift-Dir - straight line The zap hits the black bear.
The black bear is severely wounded.
The zap hits the black bear.
The black bear is almost dead.
The black bear bites you!
* * * LOW HITPOINT WARNING * * *
The black bear closely misses you. The black bear barely misses you.
The black bear closely misses you. The black bear claws you.
You die...

#.# #.# #.#
#.# #.# #.#
#.# #.# #@#
#....h.......#
#.#.##.#####.#
# ... ...
##... ####


You could see a black bear (berserk).

Vanquished Creatures
  An ufetubus (D:7)
  A dart slug (D:1)
  2 ball pythons (D:2)
  5 bats
  6 endoplasms
  3 giant cockroaches
  7 goblins
  4 hobgoblins (D:2)
  A frilled lizard (D:1)
  A kobold (D:1)
  A rat (D:1)
32 creatures vanquished.

Notes
Turn   | Place    | Note
-------+----------+-------------------------------------------
     0 | D:1      | ragingrage the Tengu Air Elementalist began the quest for
                  | the Orb.
     0 | D:1      | Reached XP level 1. HP: 10/10 MP: 4/4
    80 | D:1      | Found Zimof's Jewellery Emporium.
   306 | D:1      | Reached XP level 2. HP: 15/15 MP: 4/6
   801 | D:1      | Learned a level 2 spell: Static Discharge
  1152 | D:2      | Reached XP level 3. HP: 19/19 MP: 3/7
  1414 | D:2      | Reached skill level 5 in Air Magic
  1415 | D:2      | Noticed Robin
  1457 | D:3      | Found Seirphim's Jewellery Emporium.
  1520 | D:3      | You fall into a shaft and drop 3 floors!
  1532 | D:6      | Noticed a bullfrog
  1543 | D:7      | Noticed a sky beast
  1601 | D:6      | Noticed a black bear
  1606 | D:6      | Slain by a black bear

Illustrated notes

Levels and vault maps discovered:
D:1:      amcnicky_arrival_blooded_trapdoor, layout_loops_ring, serial_shops,
          nicolae_shop_trees
D:2:      layout_basic, nicolae_hexahallways, kennysheep_generic_room_11,
          uniq_jessica, uniq_crazy_yiuf_cottage, uniq_robin
D:3:      layout_basic, serial_shops, nicolae_shop_waterfront
D:6:      layout_loops_ring, jmf_multi_god_temple2, serial_shops, shop
D:7:      layout_cave_pools, minmay_temple_entry_statues_fountains,
          serial_column_ruins, column_ruins_open_small,
          column_ruins_columns_corner, column_ruins_open_tiny,
          column_ruins_open_medium

Skill      XL: |  1  2  3 |
---------------+----------+-----
Conjurations   | 2 3 |  3.3
Air Magic      | 5 |  5.1
Dodging        | |  2.1
Stealth        | |  2.0
Spellcasting   | |  2.0

Action                   || total
-------------------------++-------
Melee: Unarmed           ||     4
       Kick              ||     7
       Peck              ||     3
       Dagger            ||     9
 Cast: Shock             ||    56
  Use: Scroll            ||     3
Armor: Robe              ||     3
Dodge: Dodged            ||    11

Table legend: (Time is in decaauts)
 A = Elapsed time spent in this place.
 B = Non-inter-level travel time spent in this place.
 C = Inter-level travel time spent in this place.
 D = Time resting spent in this place.
 E = Time spent auto-exploring this place.
 F = Levels seen in this place.
 G = Mean time per level.
                   A        B        C        D        E       F      G
               +--------+--------+--------+--------+--------+-----+--------+
         Total |   1606 |   1527 |     79 |     67 |   1250 |   5 |  321.2 |
       Dungeon |   1606 |   1527 |     79 |     67 |   1250 |   5 |  321.2 |
               +--------+--------+--------+--------+--------+-----+--------+

Top non-repeatable levels by time:
     D:1: 831 daAuts
     D:2: 592 daAuts
     D:3: 95 daAuts
     D:6: 69 daAuts
     D:7: 16 daAuts
